 Dungeon Crawl Stone Soup version 0.30-a0-808-g6e0788376e (webtiles) character file.

Game seed: 6634649588020808198

103 bjtr the Digger (level 4, 0/24 HPs)
             Began as a Gargoyle Earth Elementalist on Feb 25, 2023.
             Was an Initiate of Vehumet.
             Slain by a goblin
             ... wielding a +0 club
             ... led by Robin
              (1 damage)
             ... on level 3 of the Dungeon.
             The game lasted 00:08:48 (2719 turns).

bjtr the Digger (Gargoyle Earth Elementalist)       Turns: 2719, Time: 00:08:49

Health: 0/24       AC:  6    Str: 12    XL:     4   Next: 79%
Magic:  0/8        EV: 11    Int: 17    God:    Vehumet [......]
Gold:   223        SH:  0    Dex: 10    Spells: 2/8 levels left

rFire   . . .      SeeInvis .    f - +0 short sword (speed)
rCold   . . .      Faith    .    (no shield)
rNeg    + . .      Spirit   +    d - +0 leather armour
rPois   ∞          Reflect  .    (no helmet)
rElec   +          Harm     .    (no cloak)
rCorr   .          Rampage  .    (no gloves)
Will    .....                    (no boots)
Stlth   ++                       c - amulet of guardian spirit
HPRegen 0.24/turn                (no ring)
MPRegen 0.11/turn                (no ring)

@: no status effects
A: sickness immunity, AC +3, negative energy resistance 1, electricity
resistance, torment resistance 1, petrification resistance
a: Renounce Religion


You were on level 3 of the Dungeon.
You worshipped Vehumet.
Vehumet was noncommittal.
You visited 1 branch of the dungeon, and saw 3 of its levels.

You collected 223 gold pieces.

Inventory:

Hand Weapons
 f - a +0 short sword of speed (weapon)
 g - a +0 hand axe
 p - a +2 flail of draining
 s - a +0 trident
Armour
 a - a +0 robe
 d - a +0 leather armour (worn)
 q - an orb of energy
Jewellery
 c - an amulet of guardian spirit (around neck)
Scrolls
 e - 2 scrolls of summoning {unknown}
 h - 2 scrolls of teleportation {unknown}
 k - a scroll of vulnerability {unknown}
 n - 5 scrolls of identify {unknown}
 o - 2 scrolls of amnesia {unknown}
 r - a scroll of noise {unknown}
Potions
 b - a potion of magic
 i - 2 potions of attraction {unknown}
 j - a potion of ambrosia {unknown}
 l - 2 potions of mutation {unknown}
 m - a potion of degeneration {unknown}


   Skills:
 + Level 0.1 Fighting
 + Level 1.2 Armour
 - Level 1.5 Dodging
 + Level 2.5 Stealth
 + Level 2.6 Spellcasting
 - Level 0.7 Transmutations
 * Level 5.5 Earth Magic


You had 2 spell levels left.
You knew the following spells:

 Your Spells              Type           Power      Damage    Failure   Level
a - Sandblast             Erth           42%        2d11      2%          1
b - Passwall              Tmut/Erth      10%        N/A       10%         2
c - Stone Arrow           Conj/Erth      22%        3d8       22%         3

Your spell library contained the following spells:

 Spells                   Type           Power      Damage    Failure   Level
 Petrify                  Tmut/Erth      12%        N/A       54%         4


Dungeon Overview and Level Annotations

Branches:
Dungeon (3/15)

Altars:
Vehumet

Annotations:
D:3 Robin


Innate Abilities, Weirdness & Mutations

You are immune to sickness and miasma.
Your stone body is resilient. (AC +3)
You are immune to poison.
You resist negative energy. (rN+)
You are resistant to electric shocks. (rElec)
You are resistant to unholy torment.
You are immune to petrification.


Message History

An adder comes into view.
Casting: Sandblast (safe; 2% risk of failure)
Confirm with . or Enter, or press ? or * to list all spells.
Aiming: Sandblast (safe; 2% risk of failure)
Press: ? - help, Shift-Dir - straight line, f/p - Robin
Aim: Robin, wielding a +0 mace, wearing a +0 animal skin and wearing a +0 helmet (87% to hit)
The blast of sand hits the goblin.
You kill the goblin!
Vehumet accepts your kill. Robin throws the goblin at you!
The goblin closely misses you.
Casting: Sandblast (safe; 2% risk of failure)
Confirm with . or Enter, or press ? or * to list all spells.
Aiming: Sandblast (safe; 2% risk of failure)
Press: ? - help, Shift-Dir - straight line, f/p - Robin
Aim: Robin, wielding a +0 mace, wearing a +0 animal skin and wearing a +0 helmet (87% to hit)
The blast of sand hits the goblin!
You kill the goblin!
Vehumet accepts your kill. The goblin misses you.
The goblin hits you with a +0 dagger. Robin throws the goblin at you!
The goblin barely misses you. The hobgoblin hits you.
The goblin hits you with a +0 club. The goblin hits you but does no damage.
Casting: Sandblast (safe; 2% risk of failure)
Confirm with . or Enter, or press ? or * to list all spells.
Aiming: Sandblast (safe; 2% risk of failure)
Press: ? - help, Shift-Dir - straight line, f/p - Robin
Aim: Robin, wielding a +0 mace, wearing a +0 animal skin and wearing a +0 helmet (87% to hit)
The blast of sand hits the hobgoblin!
You kill the hobgoblin!
Vehumet accepts your kill. The goblin hits you with a +0 dagger.
The goblin barely misses you. x2
An adder comes into view.
You miss the goblin. The goblin hits you with a +0 club.
* * * LOW HITPOINT WARNING * * *
The goblin hits you with a +0 club.
* * * LOW HITPOINT WARNING * * *
The goblin hits you with a +0 dagger.
* * * LOW HITPOINT WARNING * * *
The goblin hits you with a +0 club.
You die...

##########
#........#
#.######.# #.#
#.######### #.#
#.......... #g#
#.######### #@#
#.#
#.....ggggg..#.#
#...^..rggS..###
#........g)...#
#..............
#..............
#..............
#######>S......


You could see Robin, 2 adders, 8 goblins and a rat.

Vanquished Creatures
  2 adders
  A worm (D:2)
  2 dart slugs (D:1)
  5 orcs (D:2)
  6 ball pythons
  4 bats
  7 endoplasms
  5 giant cockroaches
  7 goblins
  5 hobgoblins
  6 jackals (D:1)
  3 kobolds
  3 quokkas
  5 frilled lizards
  5 rats
66 creatures vanquished.

Vanquished Creatures (others)
  2 demonic plants (D:1)
2 creatures vanquished.

Grand Total: 68 creatures vanquished

Notes
Turn   | Place    | Note
-------+----------+-------------------------------------------
     0 | D:1      | bjtr the Gargoyle Earth Elementalist began the quest for
                  | the Orb.
     0 | D:1      | Reached XP level 1. HP: 10/10 MP: 3/3
    71 | D:1      | Reached skill level 4 in Earth Magic
   145 | D:1      | Reached XP level 2. HP: 15/15 MP: 3/5
   444 | D:1      | Reached XP level 3. HP: 19/19 MP: 3/6
   877 | D:1      | Found a faded altar of an unknown god.
   934 | D:1      | Reached skill level 5 in Earth Magic
  1515 | D:2      | Reached XP level 4. HP: 24/24 MP: 2/7
  1651 | D:2      | Found a radiant altar of Vehumet.
  1658 | D:2      | Became a worshipper of Vehumet
  1944 | D:2      | Learned a level 2 spell: Passwall
  1948 | D:2      | Learned a level 3 spell: Stone Arrow
  2091 | D:2      | Reached skill level 1 in Armour
  2711 | D:3      | Noticed Robin
  2719 | D:3      | HP: 1/24 [goblin/+0 dagger[Robin] (2)]
  2719 | D:3      | Slain by a goblin

Illustrated notes

Levels and vault maps discovered:
D:1:      dpeg_arrival_central, layout_basic, serial_corexii_hall,
          corexii_hall_statues_x, chequers_hall_statues_wall_a,
          chequers_hall_statues_wall_a, corexii_hall_statues_x,
          chequers_hall_statues_wall_a, shapermc_ecumenical_altar_gd,
          wander_ebering_terrifying_dragon_lair
D:2:      layout_basic, basic_altar
D:3:      layout_basic, uniq_robin

Skill      XL: |  1  2  3  4 |
---------------+-------------+-----
Earth Magic    | 4 5 |  5.5
Armour         | 1 |  1.2
Fighting       | |  0.1
Dodging        | |  1.5
Stealth        | |  2.5
Spellcasting   | |  2.6
Transmutations | |  0.7

Action                     |  1- 3 |  4- 6 || total
---------------------------+-------+-------++-------
  Melee: Short sword       |    30 |    33 ||    63
   Cast: Sandblast         |    47 |    22 ||    69
   Stab: Sleeping          |       |     2 ||     2
 Armour: Leather armour    |     5 |     7 ||    12
  Dodge: Dodged            |    11 |    18 ||    29

Table legend: (Time is in decaauts)
 A = Elapsed time spent in this place.
 B = Non-inter-level travel time spent in this place.
 C = Inter-level travel time spent in this place.
 D = Time resting spent in this place.
 E = Time spent auto-exploring this place.
 F = Levels seen in this place.
 G = Mean time per level.
                   A        B        C        D        E       F      G
               +--------+--------+--------+--------+--------+-----+--------+
         Total |   2729 |   2668 |     61 |     78 |   2101 |   3 |  909.7 |
       Dungeon |   2729 |   2668 |     61 |     78 |   2101 |   3 |  909.7 |
               +--------+--------+--------+--------+--------+-----+--------+

Top non-repeatable levels by time:
     D:1: 1242 daAuts
     D:2: 1118 daAuts
     D:3: 368 daAuts
